 Dungeon Crawl Stone Soup version 0.32-a0-350-g4f4d228785 (webtiles) character file.

Game seed: 1201377588865173848

48939 n00bmints the Warrior (level 14, -1/138 (143) HPs)
             Began as a Minotaur Berserker on Feb 18, 2024.
             Was a Believer of Trog.
             Succumbed to a redback's poison
             ... on level 2 of the Spider Nest.
             The game lasted 01:43:52 (14812 turns).

n00bmints the Warrior (Minotaur Berserker)         Turns: 14812, Time: 01:43:52

HP:   -1/138 (143)  AC: 29    Str: 38    XL:     14   Next: 14%
MP:   13/13         EV:  7    Int:  4    God:    Trog [**....]
Gold: 974           SH:  0    Dex: 11    Spells: 13/13 levels left

rFire   . . .        w - +6 mace (protect)
rCold   . . .        (no shield)
rNeg    . . .        G - +6 chain mail "Icit" {Regen+ Str+6 Slay+2 Stlth-}
rPois   .            T - +1 hat {Will+}
rElec   .            p - scarf {repulsion}
rCorr   .            A - +2 pair of gloves
SInv    .            C - +0 pair of boots
Will    ++++.        c - amulet of faith Stlth
                     l - +4 ring of protection
HPRegen 2.23/turn    L - +6 ring of strength
MPRegen 0.13/turn

%: repel missiles, faith
@: lethally poisoned (-1 -> -41), about to teleport, strong-willed, on berserk
cooldown, held, regenerating, slowed, lightly drained, very slow
A: horns 2, retaliatory headbutt
a: Renounce Religion, Berserk, Trog's Hand


You were on level 2 of the Spider Nest.
You worshipped Trog.
Trog was pleased with you.
You visited 3 branches of the dungeon, and saw 16 of its levels.
You also visited: Ice Cave.

You collected 974 gold pieces.

Inventory:

Hand Weapons
 w - a +6 mace of protection (weapon)
 H - a +2 battleaxe
 I - a +7 war axe
 R - a +1 dire flail
Missiles
 S - a throwing net
Armour
 e - a scarf of invisibility
 m - a +2 cloak
 p - a scarf of repulsion (worn)
 A - a +2 pair of gloves (worn)
 C - a +0 pair of boots (worn)
 G - the +6 chain mail "Icit" (worn) {Regen+ Str+6 Slay+2 Stlth-}
   (You found it on level 8 of the Dungeon)

   Str+6:     It affects your strength (+6).
   Slay+2:    It affects your accuracy & damage with ranged weapons and melee
   (+2).
   Regen+:    It increases your rate of health regeneration.
   Stlth-:    It makes you less stealthy.
 T - a +1 hat of willpower (worn)
Jewellery
 c - an amulet of faith (around neck)
 g - a ring of willpower
 k - a ring of resist corrosion
 l - a +4 ring of protection (left hand)
 x - an amulet of magic regeneration
 y - a ring of poison resistance
 L - a +6 ring of strength (right hand)
 W - a +6 ring of dexterity
 X - a ring of see invisible
Scrolls
 b - 2 scrolls of noise
 h - 2 scrolls of blinking
 i - 2 scrolls of fear
 q - 5 scrolls of teleportation (quivered)
 s - 3 scrolls of immolation
 v - 2 scrolls of vulnerability {unknown}
 D - 2 scrolls of enchant armour {unknown}
 E - 3 scrolls of amnesia
 F - 2 scrolls of poison {unknown}
 K - 2 scrolls of revelation
 M - 3 scrolls of fog
 O - a scroll of brand weapon {unknown}
 U - a scroll of identify
 V - a scroll of silence {unknown}
Potions
 a - 6 potions of heal wounds {unknown}
 d - 2 potions of magic {unknown}
 f - 3 potions of enlightenment {unknown}
 j - 4 potions of degeneration {unknown}
 o - a potion of experience {unknown}
 r - 4 potions of curing {unknown}
 t - 3 potions of brilliance {unknown}
 u - 3 potions of resistance {unknown}
 z - 3 potions of mutation {unknown}
 B - 2 potions of haste {unknown}
 N - 3 potions of lignification
 P - a potion of attraction {unknown}
 Q - a potion of berserk rage {unknown}
Miscellaneous
 J - a phantom mirror


   Skills:
 * Level 18.1 Fighting
 + Level 16.9 Maces & Flails
 + Level 14.6 Armour
 + Level 8.1 Dodging
 - Level 1.3 Stealth


You had 13 spell levels left.
You didn't know any spells.
Your spell library was empty.

Dungeon Overview and Level Annotations

Branches:
Dungeon (11/15)            Temple (0/1) D:4            Lair (3/5) D:11
 Shoals (0/4) Lair:3       Spider (3/4) Lair:3          Orc (0/2) D:10
  IceCv (visited)

Altars:
Cheibriados
Elyvilon
Fedhas
Hepliaklqana
Kikubaaqudgha
Makhleb
Okawaru
Qazlal
Ru
Sif Muna
Uskayaw
Vehumet
Xom
Yredelemnul
Zin
The Shining One

Shops:
D:10 [


Innate Abilities, Weirdness & Mutations

You have a pair of horns on your head.
You reflexively headbutt those who attack you in melee.


Message History

The culicivora chitters at the tarantella.
The tarantella's wounds heal themselves!
The redback misses you.
The tarantella touches you but does no damage.
The emperor scorpion stings you.
You are more poisoned.
The emperor scorpion poisons you!
The emperor scorpion claws you but does no damage.
The emperor scorpion misses you.
The jorogumo hits you but does no damage.
The redback bites you but does no damage.
The jumping spider pounces on you but does no damage.
The jumping spider bites you but does no damage.
The redback bites you!
You are more poisoned.
The redback poisons you!
The tarantella touches you but does no damage. x2
You climb upwards.
You feel a strong urge to attack something.
You are no longer berserk.
You are exhausted.
You feel yourself slow down.
* * * LOW HITPOINT WARNING * * *
You feel extremely sick.
There is a stone staircase leading down here.
You closely miss the jorogumo. Your headbutt misses the jorogumo.
* * * LOW HITPOINT WARNING * * *
You feel extremely sick. The jumping spider pounces on you.
* * * LOW HITPOINT WARNING * * *
The jumping spider bites you but does no damage.
The redback bites you but does no damage.
The redback barely misses you. The jorogumo casts a spell at you.
The stream of webbing hits you but does no damage.
You are caught in a web!
The tarantella touches you but does no damage.
As you read the scroll of teleportation, it crumbles to dust.
You feel strangely unstable.
You die...

...^..## ....#..## #....#..#
.......## #### #..##.## ###..###
....#..## #......## ...##...#
###.......# .)..#..##
######s.......##
..(..#.######.#s@Hs......##
........#...#..sss.......###
........^................^.#
..........^....#.##........#
..........(#.....##....##..# ###
................##...##...## ##.#
#.............#.##...#....## #...
......#^..#....##..#...^..^###...
................#..#...#.....#...


You could see an emperor scorpion (soul bound), a jorogumo (soul bound), a
jumping spider (soul bound), a tarantella (soul bound) and 3 redbacks.

Vanquished Creatures
  Gastronok (Lair:1)
  Agnes (Spider:1)
  Kirke (Spider:1)
  Louise (Spider:2)
  Azrael (Spider:1)
  The ghost of Pooter the Severer, a journeyman MiMo of Beogh (Lair:3)
  3 entropy weavers
  A boulder beetle (D:11)
  A two-headed ogre (D:9)
  2 tengu warriors (D:11)
  3 demonic crawlers (Spider:1)
  4 pharaoh ants
  An orb spider (Spider:1)
  A steelbarb worm (Spider:2)
  3 wolf spiders
  3 elephants (Lair:2)
  A manticore (D:11)
  3 black mambas
  5 centaur zombies (D:10)
  10 cane toads
  3 torpor snails
  A rime drake (Lair:2)
  A kobold demonologist (D:11)
  3 unseen horror zombies (D:10)
  Psyche (D:10)
  5 komodo dragons
  A queen bee (Lair:2)
  A troll (D:11)
  A hornet (Lair:3)
  6 tarantellas
  4 blink frogs (Lair:2)
  A snapping turtle (Lair:3)
  4 dream sheep (Lair:1)
  3 jumping spiders
  6 culicivoras
  2 spriggans (Lair:3)
  5 slime creatures (IceCv)
  2 fire elementals (Spider:1)
  A water elemental (Lair:3)
  3 wraiths
  A vampire (D:9)
  2 basilisks
  3 hogs (Spider:1)
  4 wyverns
  23 yaks
  7 redbacks
  6 hell hounds (Spider:1)
  4 water moccasins
  2 great orb of eyes simulacra (IceCv)
  Duvessa (D:6)
  An acid dragon (D:11)
  8 orc warriors
  3 black bears
  3 ice beasts
  3 ogres (D:6)
  A boggart (Lair:3)
  4 centaurs
  19 wolves
  2 slime creature simulacra (IceCv)
  3 kobold brigands
  A phantom (D:7)
  2 weeping skulls (D:10)
  8 bullfrogs
  6 scorpions
  A glowing shapeshifter simulacrum (IceCv)
  6 wights
  Dowan (D:6)
  34 killer bees
  5 howler monkeys
  A bombardier beetle (D:4)
  4 hounds
  A human zombie (D:10)
  2 jellies (D:6)
  A gnoll bouda (D:6)
  6 orc priests
  A sleepcap (D:8)
  An iguana (D:5)
  17 orc wizards
  2 shapeshifter simulacra (IceCv)
  Robin (D:4)
  8 adders
  8 gnolls
  A shadow imp (D:7)
  2 ufetubi (D:6)
  2 ribbon worms
  59 orcs
  6 bats
  4 endoplasms
  6 giant cockroaches
  8 goblins
  15 hobgoblins
  8 quokkas
  8 ball pythons
  2 frilled lizards
  23 kobolds
  A rat (D:2)
  2 butterflies (D:5)
465 creatures vanquished.

Vanquished Creatures (collateral kills)
  2 cane toads (Lair:1)
  An orc warrior (D:9)
  An orc wizard (D:9)
4 creatures vanquished.

Vanquished Creatures (others)
  An orb spider (Spider:1)
1 creature vanquished.

Grand Total: 470 creatures vanquished

Notes
Turn   | Place    | Note
-------+----------+-------------------------------------------
     0 | D:1      | n00bmints the Minotaur Berserker began the quest for the
                  | Orb.
     0 | D:1      | Reached XP level 1. HP: 19/19 MP: 0/0
     0 | D:1      | Noticed a spriggan
     3 | D:1      | Noticed a spriggan
    18 | D:1      | Noticed a minotaur
    23 | D:1      | Noticed a troll
    80 | D:1      | Reached XP level 2. HP: 16/27 MP: 1/1
   101 | D:1      | Reached skill level 4 in Fighting
   471 | D:1      | Reached XP level 3. HP: 33/33 MP: 2/2
   880 | D:2      | Reached ** piety under Trog
  1107 | D:2      | Reached XP level 4. HP: 41/41 MP: 3/3
  1207 | D:2      | You fall into a shaft and drop 2 floors!
  1303 | D:4      | Noticed a scorpion
  1309 | D:4      | Killed a scorpion
  1310 | D:4      | Reached skill level 5 in Maces & Flails
  1310 | D:4      | Reached XP level 5. HP: 47/47 MP: 4/4
  1363 | D:4      | Noticed a black bear
  1371 | D:4      | Killed a black bear
  1549 | D:4      | Reached XP level 6. HP: 55/55 MP: 5/5
  1555 | D:4      | Reached skill level 1 in Stealth
  1597 | D:4      | Found a staircase to the Ecumenical Temple.
  1815 | D:4      | Noticed Robin
  1820 | D:4      | Reached skill level 5 in Fighting
  1835 | D:4      | Killed Robin
  1944 | D:4      | Found a glowing drain.
  2029 | D:5      | Entered Level 5 of the Dungeon
  2349 | D:5      | Reached XP level 7. HP: 61/61 MP: 6/6
  3206 | D:6      | Reached skill level 6 in Fighting
  3296 | D:6      | Reached XP level 8. HP: 70/70 MP: 7/7
  3517 | D:6      | Reached skill level 5 in Dodging
  3523 | D:6      | Reached skill level 7 in Fighting
  3523 | D:6      | Reached skill level 5 in Armour
  3540 | D:6      | Reached skill level 10 in Maces & Flails
  3550 | D:6      | Reached XP level 9. HP: 49/81 MP: 8/8
  3554 | D:6      | Reached skill level 8 in Fighting
  3827 | D:6      | Noticed Duvessa
  3827 | D:6      | Noticed Dowan
  3835 | D:6      | Killed Duvessa
  3847 | D:6      | Killed Dowan
  4272 | D:7      | Reached *** piety under Trog
  4330 | D:7      | Reached skill level 9 in Fighting
  4473 | D:7      | Found a white marble altar of Elyvilon.
  5014 | D:7      | Reached XP level 10. HP: 84/92 MP: 9/9
  5614 | D:8      | Reached skill level 10 in Fighting
  5663 | D:8      | Found a shimmering altar of Xom.
  5666 | D:8      | Found a basalt altar of Yredelemnul.
  5666 | D:8      | Found an iron altar of Okawaru.
  5668 | D:8      | Found a glowing golden altar of the Shining One.
  5668 | D:8      | Found a shimmering blue altar of Sif Muna.
  5668 | D:8      | Found a glowing silver altar of Zin.
  5702 | D:8      | Found an ancient bone altar of Kikubaaqudgha.
  5736 | D:8      | Identified the +6 chain mail "Icit" {Regen+ Str+6 Slay+2
                  | Stlth-}
  6108 | D:8      | Found a hazy altar of Hepliaklqana.
  6718 | D:9      | Reached **** piety under Trog
  6749 | D:9      | Reached skill level 11 in Fighting
  6888 | D:9      | Found a burning altar of Makhleb.
  6966 | D:9      | Found a sacrificial altar of Ru.
  7108 | D:9      | Noticed a two-headed ogre
  7116 | D:9      | Killed a two-headed ogre
  7168 | D:9      | Reached XP level 11. HP: 102/104 MP: 10/10
  7347 | D:10     | Entered Level 10 of the Dungeon
  7488 | D:10     | Found a staircase to the Orcish Mines.
  7739 | D:10     | Found Wuah's Armour Shop.
  7775 | D:10     | Reached skill level 12 in Fighting
  7828 | D:10     | Found a basalt altar of Yredelemnul.
  8002 | D:10     | Found a glowing golden altar of the Shining One.
  8009 | D:10     | Found a hide-covered altar of Uskayaw.
  8011 | D:10     | Identified the amulet "Jozixkal" {Spirit rC+ Dex+3}
  8017 | D:10     | Found a snail-covered altar of Cheibriados.
  8019 | D:10     | Found a radiant altar of Vehumet.
  8025 | D:10     | Found a stormy altar of Qazlal.
  8036 | D:10     | Noticed Psyche
  8041 | D:10     | Killed Psyche
  8544 | D:11     | Found a blossoming altar of Fedhas.
  8583 | D:11     | Noticed a tengu warrior
  8588 | D:11     | Noticed a tengu warrior
  8591 | D:11     | Killed a tengu warrior
  8592 | D:11     | Reached skill level 13 in Fighting
  8601 | D:11     | Killed a tengu warrior
  8602 | D:11     | Reached skill level 10 in Armour
  8637 | D:11     | Noticed a boulder beetle
  8652 | D:11     | Killed a boulder beetle
  8707 | D:11     | Found a staircase to the Lair.
  8844 | D:11     | Reached skill level 15 in Maces & Flails
  9209 | Lair:1   | Entered Level 1 of the Lair of Beasts
  9209 | Lair:1   | Noticed Gastronok
  9222 | Lair:1   | Killed Gastronok
  9257 | Lair:1   | Reached XP level 12. HP: 116/116 MP: 11/11
  9278 | Lair:1   | Reached skill level 14 in Fighting
 10017 | Lair:1   | Reached skill level 15 in Fighting
 10707 | Lair:2   | Identified the +7 quarterstaff of Linearity {heavy, rCorr}
 10882 | Lair:2   | Reached XP level 13. HP: 126/128 MP: 12/12
 10885 | Lair:2   | Reached skill level 16 in Fighting
 11471 | Lair:3   | Found a frozen archway.
 11535 | Lair:3   | Found a runed translucent door.
 11538 | Lair:3   | Identified the +8 trident of Victory {freeze, Int+3 Dex+2}
 11551 | Lair:3   | Noticed Pooter's ghost (journeyman MiMo)
 11575 | Lair:3   | Killed Pooter's ghost
 11703 | Lair:3   | Found a staircase to the Shoals.
 11747 | IceCv    | Entered an ice cave
 12262 | Lair:3   | Found a hole to the Spider Nest.
 12294 | Spider:1 | Entered Level 1 of the Spider Nest
 12482 | Spider:1 | Noticed Agnes
 12496 | Spider:1 | Killed Agnes
 12509 | Spider:1 | Reached skill level 17 in Fighting
 12822 | Spider:1 | Noticed Azrael
 13149 | Spider:1 | Killed Azrael
 13368 | Spider:1 | Noticed Kirke
 13379 | Spider:1 | Killed Kirke
 14300 | Spider:2 | Noticed Louise
 14325 | Spider:2 | Killed Louise
 14326 | Spider:2 | Reached XP level 14. HP: 126/141 MP: 13/13
 14660 | Spider:2 | Reached skill level 18 in Fighting
 14794 | Spider:3 | Noticed an emperor scorpion
 14812 | Spider:2 | Succumbed to a redback's poison

Illustrated notes

Levels and vault maps discovered:
D:1:      shiori_arrival_whats_in_store_for_you, layout_basic
D:2:      layout_basic, shapermc_ecumenical_altar_mp_ritualfount,
          chequers_jeans, uniq_crazy_yiuf_cottage
D:4:      layout_rooms, minmay_temple_entry_gardened_gates,
          gup_sewer_entry_pipe, serial_glass, glass_columns_a, glass_columns_a,
          uniq_robin
D:5:      layout_basic, reono_crystal_passage, hangedman_glass_garden,
          corexii_checkpoint, dreamdust_princess_corridor
D:6:      layout_loops_ring, uniq_duvessa
D:7:      layout_basic, mainiacjoe_overflow_cross_hatched,
          kennysheep_generic_room_10
D:8:      layout_loops_ring, kiku_gazebo_pond_becter,
          mainiacjoe_overflow_alcove_2, doesnt_xom_only_xom,
          nicolae_benzene_ring, grunt_decor_fettered, minmay_misc_feat_tiny
D:9:      layout_basic, mainiacjoe_overflow_small_starburst,
          mainiacjoe_overflow_chevrons
D:10:     layout_cave_pods, lemuel_mausoleum_altar_yredelemnul,
          nicolae_overflow_hallway_of_the_gods, hiddenorc2_lemuel, serial_shops,
          shop, uniq_psyche
D:11:     layout_long_grid, david_lair_shrubbed, fedhas_altar_3
Lair:1:   layout_regular_city, st_stairs_10, grunt_megastairs_4, uniq_gastronok
Lair:2:   layout_roguey [special_room_bee]
Lair:3:   layout_cave_shapes, minmay_shoals_entry_hut,
          nicolae_spider_entry_non_spiders, portal_ice_cave_entry_pillars_2,
          ebering_ghost_funeral_grove, lemuel_centaur_altar
Spider:1: layout_spider_delve, hangedman_spider_tarantella_strand, uniq_agnes,
          uniq_kirke, uniq_azrael
Spider:2: layout_spider_delve, uniq_louise
Spider:3: layout_spider_delve

Skill      XL: |  1  2  3  4  5  6  7  8  9 10 11 12 13 14 |
---------------+-------------------------------------------+-----
Fighting       | 4 5 6 7 9 11 13 15 17 18 | 18.1
Maces & Flails | 4 5 6 7 8 10 12 13 15 16 | 16.9
Dodging        | 3 4 5 6 7 8 |  8.1
Armour         | 3 4 5 7 9 10 12 14 | 14.6
Stealth        | 1 |  1.3

Action                     |  1- 3 |  4- 6 |  7- 9 | 10-12 | 13-15 || total
---------------------------+-------+-------+-------+-------+-------++-------
  Melee: Mace              |    61 |    94 |   311 |   589 |   393 ||  1448
         Headbutt          |     5 |    14 |    59 |   144 |    99 ||   321
 Invoke: Berserk           |       |     5 |     5 |     5 |     5 ||    20
         Trog's Hand       |       |     5 |    16 |    33 |    38 ||    92
         Brothers in Arms  |       |       |       |     3 |       ||     3
    Use: Scroll            |       |       |       |    12 |     3 ||    15
         Potion            |       |       |       |       |     6 ||     6
 Armour: Animal skin       |    25 |       |       |       |       ||    25
         Leather armour    |       |    41 |       |       |       ||    41
         Scale mail        |       |    11 |       |       |       ||    11
         Plate armour      |       |       |   297 |    17 |       ||   314
         Chain mail        |       |       |    12 |   485 |   583 ||  1080
  Dodge: Dodged            |    58 |    54 |   125 |   305 |   335 ||   877
         Repelled          |       |       |     1 |     1 |     1 ||     3

Table legend: (Time is in decaauts)
 A = Elapsed time spent in this place.
 B = Non-inter-level travel time spent in this place.
 C = Inter-level travel time spent in this place.
 D = Time resting spent in this place.
 E = Time spent auto-exploring this place.
 F = Levels seen in this place.
 G = Mean time per level.
                   A        B        C        D        E       F      G
               +--------+--------+--------+--------+--------+-----+--------+
         Total |  14703 |  13575 |   1128 |      0 |   7071 |  17 |  864.9 |
       Dungeon |   9211 |   8772 |    439 |      0 |   5094 |  10 |  921.1 |
          Lair |   2768 |   2577 |    191 |      0 |   1076 |   3 |  922.7 |
   Spider Nest |   2458 |   1960 |    498 |      0 |    898 |   3 |  819.3 |
      Ice Cave |    265 |    265 |      0 |      0 |      3 |   1 |  265.0 |
               +--------+--------+--------+--------+--------+-----+--------+

Top non-repeatable levels by time:
Spider:1: 1894 daAuts
     D:7: 1324 daAuts
     D:5: 1167 daAuts
  Lair:2: 1114 daAuts
  Lair:1: 1077 daAuts
     D:8: 1026 daAuts
    D:10: 960 daAuts
     D:6: 942 daAuts
     D:4: 885 daAuts
    D:11: 847 daAuts
     D:9: 839 daAuts
     D:1: 658 daAuts
  Lair:3: 576 daAuts
     D:2: 559 daAuts
Spider:2: 550 daAuts
